 Dungeon Crawl Stone Soup version 0.18.1-48-g4cf74bf (webtiles) character file.

7464 Heedrag the Cleaver (level 10, -2/79 HPs)
             Began as a Minotaur Fighter on Aug 5, 2016.
             Was a High Priest of Okawaru.
             Slain by an enormous slime creature (77 damage)
             ... on level 9 of the Dungeon.
             The game lasted 00:22:47 (8413 turns).

Heedrag the Cleaver (Minotaur Fighter)              Turns: 8413, Time: 00:22:47

Health: -2/79      AC: 15    Str: 23 (24) XL:     10   Next: 94%
Magic:  11/11      EV: 10    Int:  5      God:    Okawaru [*****.]
Gold:   638        SH:  0    Dex: 18      Spells: 0 memorised, 9 levels left

rFire  . . .     SeeInvis +     H - +5 executioner's axe "Gocafass" {flame, MR+ Dex+8}
rCold  . . .     Gourm    .     x - +0 plate armour
rNeg   . . .     Faith    +     (shield currently unavailable)
rPois  .         Spirit   .     (helmet unavailable)
rElec  .         Dismiss  .     (no cloak)
rCorr  .         Reflect  .     (no gloves)
SustAt .         Harm     .     r - +0 pair of boots
MR     +....     Rnd*Tele +     S - amulet of faith
Stlth  ..........               l - ring of see invisible
                                T - ring of teleportation (curse)

@: somewhat resistant to hostile enchantments, extremely unstealthy
A: retaliatory headbutt, horns 3, deterioration 1, frail 1
a: Heroism, Finesse, Renounce Religion


You were on level 9 of the Dungeon.
You worshipped Okawaru.
Okawaru was extremely pleased with you.
You were not hungry.

You visited 2 branches of the dungeon, and saw 10 of its levels.
You also visited: Ossuary.

You collected 638 gold pieces.

Inventory:

Hand Weapons
 a - a +1 war axe
 g - a +0 morningstar of holy wrath
 t - a +0 long sword
 H - the +5 executioner's axe "Gocafass" (weapon) {flame, MR+ Dex+8}
   (Okawaru gifted it to you on level 9 of the Dungeon)

   It has been specially enchanted to burn those struck by it, causing extra
   injury to most foes and up to half again as much damage against particularly
   susceptible opponents.
   Big, fiery blades are also staple armaments of hydra-hunters.
   It affects your dexterity (+8).
   It affects your resistance to hostile enchantments.
 P - a +3 quarterstaff of chaos
 U - a +0 halberd of chopping
Armour
 b - a +0 scale mail
 c - a +1 shield
 i - a +1 hat
 o - a +0 cloak
 r - a +0 pair of boots (worn)
 x - a +0 plate armour (worn)
Jewellery
 k - an uncursed ring of poison resistance
 l - a ring of see invisible (right hand)
 s - an uncursed amulet of inaccuracy
 z - a +2 ring of strength
 K - an uncursed ring of flight
 O - an uncursed amulet of the gourmand
 Q - an uncursed ring of resist corrosion
 S - an amulet of faith (around neck)
 T - a cursed ring of teleportation (left hand)
 Y - an uncursed ring of magical power
Wands
 I - a wand of paralysis (17/24)
 R - a wand of iceblast (4/15)
 V - a wand of random effects (17/48)
 X - a wand of flame (29/48)
 Z - a wand of flame (14/48)
Scrolls
 h - 4 scrolls of amnesia
 j - 2 scrolls of blinking {unknown}
 n - 3 scrolls of teleportation
 p - 5 scrolls of identify
 u - a scroll of remove curse
 y - 2 scrolls of magic mapping {unknown}
 A - 3 scrolls of immolation {unknown}
 D - a scroll of random uselessness {unknown}
 G - 2 scrolls of fog {unknown}
 L - 2 scrolls of recharging {unknown}
 M - a scroll of enchant armour
Potions
 d - a potion of might
 e - 2 potions of agility {unknown}
 m - 2 potions of haste
 q - 3 potions of ambrosia {unknown}
 v - 6 potions of flight {unknown}
 C - 4 potions of brilliance {unknown}
 F - 2 potions of heal wounds
 J - 6 potions of curing {unknown}
 W - 2 potions of lignification {unknown}
Comestibles
 f - 5 bread rations
 w - 4 meat rations
 B - 2 slices of pizza
 E - 2 fruits
 N - 11 royal jellies


   Skills:
 + Level 8.2 Fighting
 * Level 13.4 Axes
 + Level 8.2 Armour
 + Level 6.0 Dodging
 - Level 3.6 Shields
 + Level 6.1 Unarmed Combat
 + Level 3.4 Invocations


You had 9 spell levels left.
You didn't know any spells.

Dungeon Overview and Level Annotations

Branches:
Dungeon (9/15)             Temple (1/1) D:4
   Lair: D:8-11         Orc: D:9-12

Altars:
Ashenzari
Cheibriados
Dithmenos
Elyvilon
Fedhas
Gozag
Kikubaaqudgha
Makhleb
Nemelex Xobeh
Okawaru
Pakellas
Qazlal
Ru
Sif Muna
Trog
Vehumet
Xom
Yredelemnul
Zin
The Shining One

Shops:
D:4 (}!(   D:9 [[


Innate Abilities, Weirdness & Mutations

You reflexively headbutt those who attack you in melee.
You have a pair of large horns on your head.
Your body sometimes deteriorates upon taking damage.
You are frail (-10% HP).


Message History

A slime creature comes inta view.
Tha slime creature quivers.
Two slime creatures merge ta form a large slime creature.
Two slime creatures merge ta form a very large slime creature.
Ye hit tha slime creature.
Ye burn tha slime creature.
Tha slime creature be lightly wounded.
Tha slime creature hits ye.
Ye slice tha slime creature!!
Ye burn tha slime creature!
Yer headbutt misses tha slime creature.
Tha slime creature be severely wounded.
Two slime creatures merge ta form an enormous slime creature.
Yer plate armour prevents ye from hittin' tha enormous slime creature.
Ye headbutt tha enormous slime creature!
Tha enormous slime creature be moderately wounded.
Tha enormous slime creature closely misses ye.
Ye slice tha enormous slime creature!!
Ye burn tha enormous slime creature!
Tha enormous slime creature be moderately wounded.
Tha enormous slime creature hits ye!!!!
Ouch! Tha re'lly hurt!
Ye die...

##.###.# #.# #># #.#
#.# ##.# #.# #.#
#..###.#########.####
....................#
#.####.#########.##.#
#.# #.###### #.##.#
#.# #......# #J##.#
#.# ######.# ##@##.#
#.# #####.###...#.#
#.# #.............#
#.# #.###.###...###
#.# ###.###.# ##.##
#.# #.....#.# #.#
#.###.###.#.####.#
......###........#
#.###.#...###....#


You could see an enormous slime creature.

Vanquished Creatures
  Pikel (D:6)
  Maurice (D:9)
  The ghost of Heedrag the Cleaver, a novice MiFi (D:9)
  Grinder (D:3)
  The ghost of Joat the Grave Robber, an amateur DDNe of Okawaru (D:4)
  Prince Ribbit (D:5)
  Sigmund (D:2)
  4 yaks (D:9)
  A hippogriff (D:8)
  Eustachio (D:5)
  Edmund (D:6)
  2 water moccasins (D:8)
  7 orc warriors
  4 slaves (D:5)
  3 ice beasts
  A sky beast (D:6)
  A black bear (D:8)
  A necrophage (D:6)
  3 centaurs
  3 elf zombies (Ossuary)
  6 giant frogs
  2 scorpions
  6 killer bees (D:7)
  5 wights (D:8)
  3 howler monkeys
  2 centaur zombies (Ossuary)
  9 crimson imps
  3 hounds
  5 orc priests
  2 centaur skeletons
  A human zombie (Ossuary)
  Crazy Yiuf (D:5)
  7 jellies
  9 orc wizards
  Ijyb (D:3)
  3 iguanas
  4 worker ants
  A sheep (D:8)
  2 big kobold zombies (Ossuary)
  A hound zombie (Ossuary)
  4 mummies
  A worker ant zombie (D:5)
  8 adders
  2 shadow imps
  6 oozes
  An adder skeleton (D:8)
  4 adder zombies
  A worm (D:4)
  11 giant geckos
  32 orcs
  4 ball pythons
  4 giant cockroaches
  7 goblins
  6 hobgoblins
  3 jackals (D:6)
  5 quokkas
  5 bats
  A giant gecko skeleton (D:9)
  4 giant newts
  4 goblin zombies (Ossuary)
  3 hobgoblin zombies (Ossuary)
  3 jackal zombies (Ossuary)
  6 kobolds
  6 kobold zombies
  2 orc zombies
  5 quokka zombies (Ossuary)
  7 rats
  2 rat zombies (Ossuary)
259 creatures vanquished.

Vanquished Creatures (others)
  A quokka (D:3)
1 creature vanquished.

Grand Total: 260 creatures vanquished

Notes
Turn   | Place    | Note
--------------------------------------------------------------
     0 | D:1      | Heedrag the Minotaur Fighter began the quest for the Orb.
     0 | D:1      | Reached XP level 1. HP: 19/19 MP: 0/0
   111 | D:1      | Reached skill level 3 in Axes
   148 | D:1      | Reached XP level 2. HP: 26/26 MP: 1/1
   912 | D:2      | Reached skill level 4 in Axes
   978 | D:2      | Reached XP level 3. HP: 31/31 MP: 2/2
  1049 | D:2      | Noticed Sigmund
  1056 | D:2      | Killed Sigmund
  1056 | D:2      | Reached skill level 6 in Axes
  1056 | D:2      | Reached XP level 4. HP: 39/39 MP: 3/3
  1056 | D:2      | Reached XP level 5. HP: 45/45 MP: 4/4
  1157 | D:2      | Reached skill level 7 in Axes
  1507 | D:3      | Found a white marble altar of Elyvilon.
  1527 | D:3      | Noticed Grinder
  1543 | D:3      | Killed Grinder
  1543 | D:3      | Reached skill level 8 in Axes
  1543 | D:3      | Reached XP level 6. HP: 16/51 MP: 5/5
  1784 | D:3      | Reached skill level 9 in Axes
  2018 | D:3      | Noticed Ijyb
  2031 | D:3      | Killed Ijyb
  2031 | D:3      | Reached XP level 7. HP: 58/58 MP: 6/6
  2112 | D:3      | Found a blossoming altar of Fedhas.
  2219 | D:4      | Found Gimuhous's Weapon Shoppe.
  2220 | D:4      | Noticed Joat's ghost (amateur DDNe)
  2486 | D:4      | Found a staircase to the Ecumenical Temple.
  2559 | Temple   | Entered the Ecumenical Temple
  2606 | Temple   | Became a worshipper of Warmaster Okawaru
  2725 | D:5      | Entered Level 5 of the Dungeon
  2756 | D:5      | Noticed Eustachio
  2757 | D:5      | Noticed Prince Ribbit
  3047 | D:4      | Found Ukhlups's Gadget Boutique.
  3247 | D:4      | Found Oxzep's Distillery.
  3692 | D:4      | Killed Joat's ghost
  4165 | D:4      | Found Iliuphev's Weapon Boutique.
  4214 | D:5      | Reached skill level 10 in Axes
  4354 | D:5      | Killed Prince Ribbit
  4354 | D:5      | Reached * piety under Okawaru
  4354 | D:5      | Reached skill level 1 in Unarmed Combat
  4354 | D:5      | Reached XP level 8. HP: 27/67 MP: 7/7
  4573 | D:5      | Noticed Crazy Yiuf
  4578 | D:5      | Killed Crazy Yiuf
  4706 | D:5      | Reached skill level 5 in Fighting
  4750 | D:5      | Found a glowing silver altar of Zin.
  4753 | D:5      | Found a burning altar of Makhleb.
  4755 | D:5      | Found a bloodstained altar of Trog.
  4900 | D:5      | Killed Eustachio
  4900 | D:5      | Reached skill level 5 in Armour
  4943 | D:6      | Noticed Pikel
  5089 | D:5      | Reached skill level 1 in Dodging
  5099 | D:6      | Noticed Edmund
  5099 | D:6      | Killed Pikel
  5099 | D:6      | Reached ** piety under Okawaru
  5099 | D:6      | Reached skill level 11 in Axes
  5114 | D:6      | Killed Edmund
  5114 | D:6      | Reached *** piety under Okawaru
  5154 | D:6      | Reached XP level 9. HP: 67/75 MP: 8/8
  5177 | D:6      | Found a sand-covered staircase.
  5186 | Ossuary  | Entered an ossuary
  6275 | D:7      | Found a radiant altar of Vehumet.
  6420 | D:7      | Reached skill level 12 in Axes
  6424 | D:7      | Reached **** piety under Okawaru
  6789 | D:7      | Found a stormy altar of Qazlal.
  6842 | D:8      | Reached skill level 1 in Invocations
  7033 | D:8      | Reached XP level 10. HP: 55/86 MP: 10/10
  7040 | D:8      | Found a bloodstained altar of Trog.
  7102 | D:8      | Reached ***** piety under Okawaru
  7182 | D:8      | Reached skill level 5 in Unarmed Combat
  7338 | D:8      | Reached skill level 5 in Dodging
  7667 | D:9      | Found Teup's Armour Shoppe.
  7722 | D:9      | Noticed Heedrag's ghost (novice MiFi)
  7740 | D:9      | Killed Heedrag's ghost
  7740 | D:9      | Received a gift from Okawaru
  7740 | D:9      | Reached skill level 13 in Axes
  7745 | D:9      | Got a warped executioner's axe {god gift}
  7756 | D:9      | Identified the +5 executioner's axe "Gocafass" {flame, MR+ Dex+8} (Okawaru gifted it to you on level 9 of the Dungeon)
  7792 | D:9      | Gained mutation: You are frail (-10% HP). [potion of mutation]
  7792 | D:9      | Gained mutation: You have a pair of large horns on your head. [potion of mutation]
  7792 | D:9      | Gained mutation: Your body sometimes deteriorates upon taking damage. [potion of mutation]
  7918 | D:9      | Noticed Maurice
  7919 | D:9      | Found Rorhib Xie's Antique Armour Boutique.
  7925 | D:9      | Killed Maurice
  8413 | D:9      | Slain by an enormous slime creature

Skill      XL: |  1  2  3  4  5  6  7  8  9 10 |
---------------+-------------------------------+-----
Axes           | 3 4 6 8 9 10 11 12 13 | 13.4
Fighting       | 4 5 7 8 |  8.2
Armour         | 4 6 7 8 |  8.2
Unarmed Combat | 1 3 4 6 |  6.1
Dodging        | 2 4 6 |  6.0
Invocations    | 1 3 |  3.4
Shields        | |  3.6

Action                   |  1- 3 |  4- 6 |  7- 9 | 10-12 || total
-------------------------+-------+-------+-------+-------++-------
Melee: War axe           |    54 |   159 |   476 |   167 ||   856
       Headbutt          |     7 |    16 |    86 |    43 ||   152
       Executioner's axe |       |       |       |    50 ||    50
Invok: Heroism           |       |       |     1 |     2 ||     3
  Use: Scroll            |       |     4 |     4 |     1 ||     9
       Potion            |       |       |     2 |     3 ||     5
  Eat: Chunk             |       |     3 |    29 |       ||    32
       Fruit             |       |       |     1 |       ||     1
       Beef jerky        |       |       |       |     1 ||     1
Armor: Scale mail        |    23 |     1 |       |       ||    24
       Plate armour      |       |   106 |   242 |    88 ||   436
Dodge: Dodged            |    19 |    22 |    67 |    44 ||   152
Block: Shield            |    27 |    88 |   201 |    70 ||   386
